 Dungeon Crawl Stone Soup version 0.26-a0-652-gafc20e3620 (webtiles) character file.

Game seed: 15950918421727498433

12539 Peloso the Carver (level 11, -3/97 HPs)
             Began as a Minotaur Fighter on Oct 4, 2020.
             Was the Champion of Okawaru.
             Slain by an ice devil (21 damage)
             ... in an ice cave.
             The game lasted 00:25:49 (11906 turns).

Peloso the Carver (Minotaur Fighter)               Turns: 11906, Time: 00:25:50

Health: -3/97      AC: 24    Str: 22    XL:     11   Next: 63%
Magic:  10/11      EV: 11    Int:  5    God:    Okawaru [******]
Gold:   515        SH: 15    Dex: 12    Spells: 10/10 levels left

rFire    + . .     SeeInvis +   a - +3 scimitar (flame)
rCold    . . .     Faith    .   c - +1 kite shield
rNeg     + . .     Spirit   .   E - +0 plate armour
rPois    .         Reflect  .   d - +2 hat {SInv}
rElec    .         Harm     .   g - +0 cloak
rCorr    .         Rampage  .   (no gloves)
MR       .....                  H - +2 pair of boots {Fly}
Stlth    ..........             (no amulet)
HPRegen  0.26/turn              f - ring of protection from fire
MPRegen  0.12/turn              y - ring of positive energy

@: heroism, flying
A: retaliatory headbutt, horns 2
a: Heroism, Finesse, Renounce Religion, Stop Flying


You were in an ice cave.
You worshipped Okawaru.
Okawaru was exalted by your worship.
You visited 2 branches of the dungeon, and saw 12 of its levels.
You also visited: Ice Cave.

You collected 758 gold pieces.
You spent 243 gold pieces at shops.

Inventory:

Hand Weapons
 a - a +3 scimitar of flaming (weapon)
 b - a +4 antimagic long sword
Armour
 c - a +1 kite shield (worn)
 d - a +2 hat of see invisible (worn)
 g - a +0 cloak (worn)
 E - a +0 plate armour (worn)
 H - a +2 pair of boots of flying (worn)
Jewellery
 f - a ring of protection from fire (left hand)
 j - an uncursed ring of resist corrosion
 v - an uncursed ring of stealth
 y - a ring of positive energy (right hand)
Wands
 q - a wand of paralysis (9)
 r - a wand of digging (9)
 w - a wand of iceblast (9)
 D - a wand of flame (21)
 F - a wand of random effects (39)
Scrolls
 e - a scroll of identify
 k - 3 scrolls of enchant armour
 l - 2 scrolls of magic mapping
 m - 5 scrolls of teleportation
 o - 8 scrolls of remove curse
 p - a scroll of noise
 s - 3 scrolls of immolation
 t - a scroll of fear
 u - a scroll of blinking
 x - a scroll of amnesia
Potions
 h - 2 potions of curing
 i - 2 potions of haste
 n - a potion of mutation
 z - 4 potions of heal wounds
 A - a potion of flight
 B - 2 potions of brilliance
 C - a potion of stabbing


   Skills:
 + Level 9.2(14.2) Fighting
 + Level 13.0(18.0) Long Blades
 + Level 11.1(16.1) Armour
 + Level 4.3(9.3) Dodging
 + Level 1.3(6.3) Stealth
 + Level 11.1(16.1) Shields
 + Level 1.7 Invocations


You had 10 spell levels left.
You didn't know any spells.
Your spell library contained the following spells:

 Spells                   Type           Power        Failure   Level
 Animate Skeleton         Necr           #.....       99%         1
 Corona                   Hex            #......      99%         1
 Foxfire                  Conj/Fire      #...         99%         1
 Pain                     Necr           #...         99%         1
 Ensorcelled Hibernation  Hex/Ice        #.....       100%        2
 Confusing Touch          Hex            #.......     100%        3
 Conjure Flame            Conj/Fire      #.......     100%        3
 Dazzling Flash           Conj/Hex       #.....       100%        3
 Inner Flame              Hex/Fire       #.......     100%        3
 Tukima's Dance           Hex            #.......     100%        3
 Vampiric Draining        Necr           #.........   100%        3
 Animate Dead             Necr           #.........   100%        4
 Sticky Flame             Conj/Fire      #.......     100%        4
 Agony                    Necr           #.......     100%        5
 Fireball                 Conj/Fire      #.........   100%        5


Dungeon Overview and Level Annotations

Branches:
Dungeon (11/15)            Temple (1/1) D:4            Lair (0/6) D:9
    Orc (0/2) D:9           IceCv (1/1)

Altars:
Ashenzari
Cheibriados
Dithmenos
Elyvilon
Fedhas
Gozag
Hepliaklqana
Kikubaaqudgha
Makhleb
Nemelex Xobeh
Okawaru
Qazlal
Ru
Sif Muna
Trog
Uskayaw
Vehumet
Wu Jian
Xom
Yredelemnul
Zin
The Shining One

Shops:
D:5 *=*[   D:7 !   D:9 *


Innate Abilities, Weirdness & Mutations

You reflexively headbutt those who attack you in melee.
You have a pair of horns on your head.


Message History

You hit the ice devil. You burn the ice devil. You headbutt the ice devil.
The ice devil is almost dead.
The ice devil hits you but does no damage. x2
You hit the ice devil but do no damage. Your headbutt misses the ice devil.
The ice devil is severely wounded.
The ice devil hits you. The ice devil freezes you!
* * * LOW HITPOINT WARNING * * *
You hit the ice devil but do no damage. Your headbutt misses the ice devil.
The ice devil is severely wounded.
The ice devil hits you but does no damage.
You completely miss the ice devil.
You headbutt the ice devil, but do no damage.
The ice devil is severely wounded.
The ice devil misses you. You block the ice devil's attack.
You hit the ice devil. You burn the ice devil.
The ice devil is almost dead.
The ice devil hits you.
* * * LOW HITPOINT WARNING * * *
The ice devil freezes you!!
You die...

##.§§# ###. ##.44#
####...
##..○###########......
##§§.##...##.........#.
#.§###[...........#.###
#§§§##.....##..###### #
##§§####...)##...#
###..4###.###...#
##.@..###....##
###4.......##
###....### ######


You could see 2 ice devils.

Vanquished Creatures
  Gastronok (D:8)
  Erolcha (D:9)
  Harold (D:8)
  Erica (D:8)
  A two-headed ogre (D:8)
  An unseen horror (D:10)
  Joseph (D:9)
  Psyche (D:10)
  2 ice statues (IceCv)
  3 ice devils (IceCv)
  A troll (D:10)
  A hippogriff (D:9)
  Sigmund (D:3)
  A spriggan (D:7)
  A wyvern (D:10)
  3 yaks (D:10)
  Menkaure (D:6)
  2 sky beasts
  2 orc warriors
  2 black bears (D:8)
  A necrophage (D:8)
  4 ogres
  2 ice beasts
  An eye of draining (D:10)
  3 phantoms
  7 centaurs
  3 big kobolds
  6 bullfrogs
  A gnoll sergeant (D:6)
  2 scorpions
  6 wights (D:9)
  A jelly (D:6)
  A quasit (D:10)
  11 orc wizards
  5 orc priests
  2 hounds
  2 bullfrog skeletons (D:5)
  2 centaur skeletons
  3 iguanas
  10 worker ants
  A howler monkey skeleton (D:10)
  A worker ant zombie (D:10)
  5 gnolls
  9 adders
  4 shadow imps
  11 white imps
  6 ufetubi
  An ooze (D:3)
  3 adder zombies (D:9)
  2 adder skeletons
  3 worms (D:2)
  3 dart slugs
  4 leopard geckos
  45 orcs
  2 ball pythons (D:2)
  3 giant cockroaches
  6 hobgoblins
  8 jackals
  7 quokkas
  4 bats
  3 frilled lizards
  2 goblins (D:1)
  A jackal zombie (D:6)
  18 kobolds
  A leopard gecko skeleton (D:5)
  A quokka zombie (D:5)
  13 rats
268 creatures vanquished.

Vanquished Creatures (others)
  A reaper (IceCv)
  3 white imps (IceCv)
  3 ufetubi (IceCv)
7 creatures vanquished.

Grand Total: 275 creatures vanquished

Notes
Turn   | Place    | Note
-------+----------+-------------------------------------------
     0 | D:1      | Peloso the Minotaur Fighter began the quest for the Orb.
     0 | D:1      | Reached XP level 1. HP: 19/19 MP: 0/0
   111 | D:1      | Reached XP level 2. HP: 24/27 MP: 1/1
   662 | D:1      | Reached skill level 3 in Long Blades
  1161 | D:2      | Reached XP level 3. HP: 15/33 MP: 2/2
  1728 | D:2      | Found a bloodstained altar of Trog.
  1933 | D:3      | Reached XP level 4. HP: 34/40 MP: 3/3
  2405 | D:3      | Noticed Sigmund
  2419 | D:3      | Killed Sigmund
  2419 | D:3      | Reached skill level 5 in Long Blades
  2419 | D:3      | Reached skill level 5 in Shields
  2419 | D:3      | Reached XP level 5. HP: 36/47 MP: 4/4
  2419 | D:3      | Reached XP level 6. HP: 40/53 MP: 5/5
  2771 | D:3      | Found a glowing silver altar of Zin.
  2774 | D:3      | Found a white marble altar of Elyvilon.
  2836 | D:3      | Reached skill level 5 in Armour
  3025 | D:4      | Found a staircase to the Ecumenical Temple.
  3051 | Temple   | Entered the Ecumenical Temple
  3108 | Temple   | Became a worshipper of Warmaster Okawaru
  3176 | D:4      | Found a shimmering altar of Xom.
  3177 | D:4      | Found a shimmering altar of Xom.
  3177 | D:4      | Found a shimmering altar of Xom.
  3177 | D:4      | Found a shimmering altar of Xom.
  3177 | D:4      | Found a shimmering altar of Xom.
  3573 | D:4      | Reached skill level 6 in Long Blades
  3582 | D:4      | Reached XP level 7. HP: 46/60 MP: 6/6
  3600 | D:4      | Reached skill level 1 in Dodging
  3852 | D:4      | Reached * piety under Okawaru
  3852 | D:4      | Reached skill level 1 in Stealth
  4135 | D:5      | Entered Level 5 of the Dungeon
  4177 | D:5      | Found Paxucigg's General Store.
  4241 | D:5      | Reached skill level 5 in Fighting
  4348 | D:5      | Bought the cursed +1 whip "Qoythuz" {flame, rF+ MP-9
                  | Stlth+} for 78 gold pieces
  4518 | D:5      | Reached skill level 7 in Long Blades
  4652 | D:5      | Reached XP level 8. HP: 53/69 MP: 7/7
  5007 | D:5      | Found Agizeacw's Assorted Antiques.
  5012 | D:5      | Bought a grey potion for 21 gold pieces
  5045 | D:5      | Found Axzotubb's Jewellery Shoppe.
  5077 | D:5      | Reached ** piety under Okawaru
  5184 | D:5      | Found Tol Zid's Armour Emporium.
  5479 | D:6      | Noticed Menkaure
  5481 | D:6      | Reached skill level 8 in Long Blades
  5488 | D:6      | Killed Menkaure
  5773 | D:6      | Reached *** piety under Okawaru
  6214 | D:6      | Found a radiant altar of Vehumet.
  6214 | D:6      | Found a burning altar of Makhleb.
  6220 | D:6      | Found a blossoming altar of Fedhas.
  6222 | D:6      | Found a sacrificial altar of Ru.
  6223 | D:6      | Found a hazy altar of Hepliaklqana.
  6282 | D:6      | Reached skill level 9 in Long Blades
  6282 | D:6      | Reached XP level 9. HP: 52/78 MP: 8/8
  7258 | D:7      | Found Giloroubb's Distillery.
  7277 | D:7      | Bought a potion of heal wounds for 60 gold pieces
  7277 | D:7      | Bought a potion of flight for 36 gold pieces
  7277 | D:7      | Bought a potion of brilliance for 48 gold pieces
  7539 | D:7      | Found an opulent altar of Gozag.
  7540 | D:7      | Found a sparkling altar of Nemelex Xobeh.
  7947 | D:8      | Noticed a two-headed ogre
  7972 | D:8      | Killed a two-headed ogre
  7972 | D:8      | Reached **** piety under Okawaru
  7972 | D:8      | Reached skill level 10 in Long Blades
  8343 | D:8      | Noticed Erica
  8365 | D:8      | Killed Erica
  8365 | D:8      | Received a gift from Okawaru
  8365 | D:8      | Reached XP level 10. HP: 60/86 MP: 1/9
  8541 | D:8      | Noticed Harold
  8553 | D:8      | Killed Harold
  8764 | D:8      | Reached skill level 1 in Invocations
  8789 | D:8      | Noticed Gastronok
  9045 | D:8      | Killed Gastronok
  9045 | D:8      | Reached ***** piety under Okawaru
  9045 | D:8      | Received a gift from Okawaru
  9045 | D:8      | Reached skill level 11 in Long Blades
  9045 | D:8      | Reached skill level 10 in Shields
  9519 | D:9      | Noticed Erolcha
  9535 | D:9      | Reached skill level 10 in Armour
  9539 | D:9      | Noticed Joseph
  9544 | D:9      | Killed Erolcha
  9544 | D:9      | Reached XP level 11. HP: 70/95 MP: 11/11
  9547 | D:9      | Reached skill level 12 in Long Blades
  9560 | D:9      | Killed Joseph
  9739 | D:9      | Found a staircase to the Lair.
  9818 | D:9      | Found Hyhiani's Assorted Antiques.
  9822 | D:9      | Found a staircase to the Orcish Mines.
 10176 | D:10     | Entered Level 10 of the Dungeon
 10564 | D:10     | Noticed an unseen horror
 10578 | D:10     | Killed an unseen horror
 10751 | D:10     | Noticed Psyche
 10756 | D:10     | Paralysed by Psyche for 4 turns
 10764 | D:10     | Killed Psyche
 11314 | D:11     | Found a frozen archway.
 11351 | IceCv    | Entered an ice cave
 11542 | IceCv    | Killed a reaper
 11816 | IceCv    | Reached ****** piety under Okawaru
 11816 | IceCv    | Received a gift from Okawaru
 11888 | IceCv    | Reached skill level 13 in Long Blades
 11906 | IceCv    | Slain by an ice devil

Illustrated notes

Levels and vault maps discovered:
D:1:      lemuel_arrival_hallway, layout_basic, minmay_parallelograms
D:2:      layout_basic, trog_book
D:3:      minmay_recursive_quarters, layout_loops_ring, minitemple, uniq_sigmund
D:4:      layout_gridville, minmay_temple_entry_ruins, xom_redecorated
D:5:      layout_basic, serial_shops, shop, kennysheep_little_box,
          nicolae_shop_crystal, nicolae_shop_temple_entry_statues_fountains
D:6:      layout_basic, chequers_temple_overflow_minitemple, uniq_menkaure
D:7:      layout_rooms, grunt_temple_overflow_opulence, serial_shops, shop,
          the_bakery
D:8:      layout_layer_cave, minmay_strange_pillars, uniq_erica, uniq_gastronok,
          uniq_harold
D:9:      layout_rooms, lair_entry_dummy, orc_0_dummy, serial_shops,
          shop_statue, minmay_hedge_maze, uniq_joseph, uniq_erolcha
D:10:     layout_loops_corners, minmay_misc_feat_ornament,
          kennysheep_generic_room_11, uniq_psyche
D:11:     layout_irregular_city, serial_shops, shop,
          portal_ice_cave_entry_pillars_2, uniq_snorg
Temple:   dshaligram_water_room_temple
IceCv:    ice_cave_small_demon

Skill      XL: |  1  2  3  4  5  6  7  8  9 10 11 |
---------------+----------------------------------+-----
Long Blades    | 3 5 6 7 9 10 11 13 | 13.0
Armour         | 4 5 6 9 10 11 | 11.1
Shields        | 4 5 6 7 9 10 11 | 11.1
Fighting       | 4 5 6 7 8 9 |  9.2
Dodging        | 1 2 4 |  4.3
Stealth        | 1 |  1.3
Invocations    | 1 |  1.7

Action                   |  1- 3 |  4- 6 |  7- 9 | 10-12 || total
-------------------------+-------+-------+-------+-------++-------
Melee: Long sword        |   100 |   115 |   362 |       ||   577
       Headbutt          |    14 |    16 |    87 |    66 ||   183
       Scimitar          |       |       |       |   295 ||   295
Invok: Heroism           |       |       |     2 |     4 ||     6
Evoke: Wand              |       |       |       |     2 ||     2
  Use: Scroll            |     6 |       |     4 |     5 ||    15
       Potion            |     1 |     2 |     8 |     1 ||    12
Armor: Scale mail        |     5 |       |       |       ||     5
       Chain mail        |    49 |    61 |   136 |       ||   246
       Plate armour      |       |       |    17 |   136 ||   153
Dodge: Dodged            |    20 |    25 |   107 |    71 ||   223
Block: Kite shield       |    68 |    73 |   221 |   214 ||   576
       Rpst.: Long sword |     5 |     9 |    29 |       ||    43
       Scimitar          |       |       |       |    19 ||    19

Table legend: (Time is in decaauts)
 A = Elapsed time spent in this place.
 B = Non-inter-level travel time spent in this place.
 C = Inter-level travel time spent in this place.
 D = Time resting spent in this place.
 E = Time spent auto-exploring this place.
 F = Levels seen in this place.
 G = Mean time per level.
                   A        B        C        D        E       F      G
               +--------+--------+--------+--------+--------+-----+--------+
         Total |  11914 |  11636 |    278 |   1617 |   7554 |  13 |  916.5 |
       Dungeon |  11306 |  11028 |    278 |   1307 |   7493 |  11 | 1027.8 |
        Temple |     70 |     70 |      0 |      0 |      0 |   1 |   70.0 |
      Ice Cave |    537 |    537 |      0 |    310 |     61 |   1 |  537.0 |
               +--------+--------+--------+--------+--------+-----+--------+

Top non-repeatable levels by time:
     D:8: 1863 daAuts
     D:6: 1405 daAuts
     D:3: 1370 daAuts
     D:5: 1148 daAuts
    D:10: 1078 daAuts
     D:1: 1072 daAuts
     D:7: 950 daAuts
     D:2: 877 daAuts
     D:4: 810 daAuts
     D:9: 650 daAuts
   IceCv: 537 daAuts
    D:11: 79 daAuts
  Temple: 70 daAuts
